 Dungeon Sprint DCSS version 0.20.1-1-g8b1a95d (webtiles) character file.

20809 Taban the Wrestler (level 12, -3/119 HPs)
             Began as a Troll Berserker on Nov 23, 2017.
             Was the Champion of Trog.
             Slain by a golden dragon (30 damage)
             ... in the Dungeon (Sprint I: "Red Sonja").
             The game lasted 00:26:31 (1854 turns).

Taban the Wrestler (Troll Berserker)                Turns: 1854, Time: 00:26:32

Health: -3/119     AC:  8    Str: 27 (28) XL:     12   Next: 48%
Magic:  8/8        EV: 17    Int:  1      God:    Trog [******]
Gold:   639        SH:  0    Dex: 13      Spells: 11/11 levels left

rFire    . . .     SeeInvis +     - Unarmed
rCold    . . .     Gourm    +   (no shield)
rNeg     + . .     Faith    .   j - +0 robe (curse)
rPois    .         Spirit   .   (helmet restricted)
rElec    .         Reflect  .   o - +2 cloak
rCorr    .         Harm     .   (gloves unavailable)
MR       .....     Clarity  +   (boots unavailable) Stlth ++........NoTele +
                                n - amulet of the gourmand
Regen    0.7/turn               v - ring of see invisible
MPRegen  0.2/turn               w - ring of positive energy

@: lethally poisoned (-3 -> -24), drained
A: unfitting armour, claws 3, clarity, deterioration 1, dopey 1, fast metabolism
3, frail 1, gourmand, low mp 2, regeneration 1, shaggy fur 1, tough skin 2,
subdued magic 1, MP-powered wands
a: Berserk, Trog's Hand, Brothers in Arms, Burn Spellbooks, Renounce Religion


You were in the Dungeon.
You worshipped Trog.
Trog was exalted by your worship.
You were full.

You visited 1 branch You collected 1770 gold pieces.
You spent 1131 gold pieces at shops.

Inventory:

Hand Weapons
 d - a +3 antimagic dagger
 i - a +0 giant spiked club
 l - a +0 blowgun
 m - a +0 dagger of distortion
 p - a +2 dire flail of holy wrath
 q - a +6 long sword of slicing
 r - the +4 longbow "Erghiekhle" {freeze, rElec Int+4, unknown}
   (Trog gifted it to you in the Dungeon)

   It causes projectiles fired from it to freeze those they strike, causing
   extra injury to most foes and up to half again as much damage against
   particularly susceptible opponents.
   They can also slow down cold-blooded creatures.
   It affects your intelligence (+4).
   It insulates you from electricity.
 s - a +6 broad axe of chopping
 t - a +3 morningstar of crushing
 u - a +3 antimagic glaive
 y - a +1 longbow of velocity
 A - a +2 great sword of flaming
 B - a +2 fustibalus of flaming
Armour
 a - a +0 animal skin
 j - a cursed +0 robe (worn)
 k - a +1 troll leather armour
 o - a +2 cloak (worn)
Jewellery
 n - an amulet of the gourmand (around neck)
 v - a ring of see invisible (left claw)
 w - a ring of positive energy (right claw)
 E - an uncursed ring of ice {unknown}
Scrolls
 h - 2 scrolls of blinking
 C - a scroll of random uselessness {unknown}
 D - a scroll of magic mapping {unknown}
Potions
 c - 3 potions of curing
 e - a potion of haste
 f - 2 potions of magic
 g - a potion of berserk rage
Comestibles
 b - 3 bread rations
 x - 2 meat rations
 z - a fruit


   Skills:
 + Level 12.3(12.1) Fighting
 + Level 13.7(13.4) Dodging
 + Level 4.0(3.8) Stealth
 + Level 21.9(21.6) Unarmed Combat


You had 11 spell levels left.
You didn't know any spells.

Dungeon Overview and Level Annotations

Branches:
Dungeon (1/1)

Altars:
Cheibriados
Dithmenos
Elyvilon
Fedhas
Gozag
Hepliaklqana
Kikubaaqudgha
Makhleb
Nemelex Xobeh
Okawaru
Qazlal
Ru
Sif Muna
Trog
Uskayaw
Vehumet
Xom
Yredelemnul
Zin
The Shining One
Jiyva
Lugonu

Shops:
D *(*%=?[

Annotations:
D exclusion: oklob plant, Tiamat


Innate Abilities, Weirdness & Mutations

You are too large for most types of armour.
You have claws for hands.
Your metabolism is lightning-fast.
You like to eat raw meat.
Your natural rate of healing is unusually fast.
You are covered in fur. (AC +1)
You have very tough skin. (AC +2)
You possess an exceptional clarity of mind.
Your body sometimes deteriorates upon taking damage.
You are dopey. (Int -2)
You are frail. (-10% HP)
Your magical capacity is very low. (-20% MP)
Your spells are a little easier to cast, but a little less powerful.
You expend magic power (3 MP) to strengthen your wands.


Message History

You feel sick.
You feel better.
You are engulfed in poison gas.
You are poisoned.
You feel sick.
The golden dragon breathes poison at you.
The blast of poison engulfs you!
You are more poisoned.
The shadow dragon bites you!
* * * LOW HITPOINT WARNING * * *
You partially resist.
You feel drained.
* * * LOW HITPOINT WARNING * * *
The shadow dragon claws you.
* * * LOW HITPOINT WARNING * * *
The shadow dragon misses you.
Really walk into a travel-excluded area?
Okay, then.
You are engulfed in poison gas.
You are more poisoned.
You feel very sick. The golden dragon bites you!!
You die...

§§§§##..)^^#$§§§##
§§§#######§#§§.§§#
##'# ((##§.#$§§§§#
#.##$$$#..##$§§$#
#..###$#..≈###§##
##.#A#$#..≈.[#§###
#..###$#..≈.##§#§§§
#.##..$#..≈##§§§§§§..#
#..#+###..≈#§§§@§§.§..
##...#P≈..##§§§DD§....
###.#M≈..#§§§§§§§....
#.###..#§§§§.).§...
#.# +..##.§...§§...
####'# ##+##$§§§$$$$$$
##....# ##$$$$$$$$#
)..#### ##%%[)(?##
.###


You could see a shadow dragon and a golden dragon.

Vanquished Creatures
  A hydra (D)
  2 centaur warriors (D)
  Sonja (D)
  7 unseen horrors (D)
  A deep troll (D)
  A lindwurm (D)
  An oklob plant (D)
  8 shining eyes (D)
  A gargoyle (D)
  2 kobold demonologists (D)
  4 demonic crawlers (D)
  3 hornets (D)
  A slime creature (D)
  2 redbacks (D)
  Sigmund (D)
  A yak (D)
  13 hogs (D)
  7 floating eyes (D)
  7 necrophages (D)
  An ogre (D)
  8 jellies (D)
  Ijyb (D)
  2 ballistomycetes (D)
76 creatures vanquished.

Vanquished Creatures (collateral kills)
  4 fire giants (D)
  A deep elf annihilator (D)
  2 merfolk sirens (D)
  A hellwing (D)
  2 hornets (D)
10 creatures vanquished.

Vanquished Creatures (others)
  A gargoyle (D)
  2 ballistomycete spores (D)
3 creatures vanquished.

Grand Total: 89 creatures vanquished

Notes
Turn   | Place    | Note
-------+----------+-------------------------------------------
     0 | D        | Taban the Troll Berserker began the quest for the Orb.
     0 | D        | Reached XP level 1. HP: 22/22 MP: 0/0
     1 | D        | Noticed Ijyb
     8 | D        | Killed Ijyb
     8 | D        | Reached skill level 4 in Unarmed Combat
     8 | D        | Reached XP level 2. HP: 31/31 MP: 1/1
    11 | D        | Noticed an ogre
    14 | D        | Killed an ogre
    14 | D        | Reached skill level 5 in Dodging
    14 | D        | Reached skill level 6 in Unarmed Combat
    14 | D        | Reached XP level 3. HP: 41/41 MP: 2/2
    14 | D        | Reached XP level 4. HP: 49/49 MP: 3/3
    19 | D        | Noticed Sigmund
    27 | D        | Killed Sigmund
    27 | D        | Reached ** piety under Trog
    27 | D        | Reached skill level 8 in Unarmed Combat
    27 | D        | Reached XP level 5. HP: 59/59 MP: 4/4
    60 | D        | Found a deep blue altar of Sif Muna.
    64 | D        | Found a radiant altar of Vehumet.
    69 | D        | Reached XP level 6. HP: 66/67 MP: 5/5
    91 | D        | Killed a gargoyle
    96 | D        | Found Ruinlye's Food Emporium.
    96 | D        | Found an ancient bone altar of Kikubaaqudgha.
    96 | D        | Found a hazy altar of Hepliaklqana.
    96 | D        | Found a stormy altar of Qazlal.
    96 | D        | Found a hide-covered altar of Uskayaw.
    96 | D        | Found a blossoming altar of Fedhas.
    96 | D        | Found a bloodstained altar of Trog.
    96 | D        | Found an iron altar of Okawaru.
    96 | D        | Found a basalt altar of Yredelemnul.
    96 | D        | Found a glowing golden altar of the Shining One.
    96 | D        | Found a snail-covered altar of Cheibriados.
    96 | D        | Found a sacrificial altar of Ru.
    96 | D        | Found a glowing silver altar of Zin.
    96 | D        | Found a shadowy altar of Dithmenos.
    96 | D        | Found a white marble altar of Elyvilon.
    96 | D        | Noticed a yak
    97 | D        | Found an opulent altar of Gozag.
   105 | D        | Killed a yak
   105 | D        | Reached skill level 9 in Unarmed Combat
   186 | D        | Noticed Sonja
   193 | D        | Killed Sonja
   193 | D        | Reached *** piety under Trog
   193 | D        | Reached skill level 11 in Unarmed Combat
   193 | D        | Reached XP level 7. HP: 36/80 MP: 6/6
   214 | D        | Found Esiehoru's Assorted Antiques.
   222 | D        | Bought a thin blue amulet for 90 gold pieces
   222 | D        | Bought a glowing cloak for 135 gold pieces
   247 | D        | Found a sparkling altar of Nemelex Xobeh.
   251 | D        | Bought a bread ration for 65 gold pieces
   251 | D        | Bought a bread ration for 65 gold pieces
   266 | D        | Noticed a centaur warrior
   274 | D        | Noticed a deep troll
   282 | D        | Killed a deep troll
   282 | D        | Reached skill level 12 in Unarmed Combat
   282 | D        | Reached XP level 8. HP: 35/92 MP: 7/7
   384 | D        | Noticed a centaur warrior
   391 | D        | Killed a centaur warrior
   391 | D        | Reached skill level 10 in Dodging
   391 | D        | Reached skill level 13 in Unarmed Combat
   391 | D        | Reached XP level 9. HP: 66/100 MP: 8/8
   396 | D        | Killed a centaur warrior
   396 | D        | Reached **** piety under Trog
   396 | D        | Reached skill level 10 in Fighting
   479 | D        | Reached skill level 14 in Unarmed Combat
   490 | D        | Noticed an oklob plant
   493 | D        | Killed an oklob plant
   540 | D        | Killed an unseen horror
   540 | D        | Reached ***** piety under Trog
   540 | D        | Reached skill level 15 in Unarmed Combat
   540 | D        | Reached XP level 10. HP: 44/111 MP: 9/9
   549 | D        | Killed an unseen horror
   661 | D        | Received a gift from Trog
   704 | D        | Received a gift from Trog
   706 | D        | Reached skill level 16 in Unarmed Combat
   840 | D        | Noticed a shining eye
   840 | D        | Noticed a shining eye
   840 | D        | Noticed a shining eye
   840 | D        | Gained mutation: You possess an exceptional clarity of mind. [a shining eye]
   840 | D        | Gained mutation: You are resistant to hostile enchantments. (MR+) [a shining eye]
   841 | D        | Gained mutation: You are frail. (-10% HP) [a shining eye]
   842 | D        | Noticed a shining eye
   842 | D        | Noticed a shining eye
   842 | D        | Noticed a shining eye
   842 | D        | Paralysed by a floating eye for 4 turns
   843 | D        | Lost mutation: You are resistant to hostile enchantments. (MR+) [a shining eye]
   848 | D        | Received a gift from Trog
   850 | D        | Reached ****** piety under Trog
   855 | D        | Gained mutation: Your magical capacity is low. (-10% MP) [a shining eye]
   857 | D        | Killed a shining eye
   860 | D        | Killed a shining eye
   861 | D        | Gained mutation: Your body sometimes deteriorates upon taking damage. [a shining eye]
   862 | D        | Killed a shining eye
   862 | D        | Reached skill level 17 in Unarmed Combat
   865 | D        | Killed a shining eye
   865 | D        | Reached skill level 1 in Stealth
   865 | D        | Gained mutation: You are dopey. (Int -2) [a shining eye]
   866 | D        | Killed a shining eye
   866 | D        | Reached XP level 11. HP: 108/108 MP: 8/8
   867 | D        | Gained mutation: Your spells are a little easier to cast, but a little less powerful. [a shining eye]
   868 | D        | Killed a shining eye
   868 | D        | Received a gift from Trog
   870 | D        | Noticed a shining eye
   870 | D        | Noticed a shining eye
   870 | D        | Gained mutation: You expend magic power (3 MP) to strengthen your wands. [a shining eye]
   871 | D        | Paralysed by a floating eye for 2 turns
   877 | D        | Gained mutation: Your magical capacity is very low. (-20% MP) [a shining eye]
   878 | D        | Killed a shining eye
   878 | D        | Reached skill level 18 in Unarmed Combat
   881 | D        | Killed a shining eye
   891 | D        | Got a steaming longbow {god gift}
   904 | D        | Found Cigas's Antique Weapon Shoppe.
   904 | D        | Found Viazil's Assorted Antiques.
   905 | D        | Found Gegitrik's Jewellery Shop.
   905 | D        | Found Lira's Magic Scroll Boutique.
   909 | D        | Bought an uncursed ring of see invisible for 210 gold pieces
   930 | D        | Bought an uncursed ring of positive energy for 280 gold pieces
   958 | D        | Found Xiuroili's Armour Emporium.
   963 | D        | Bought a +1 troll leather armour for 286 gold pieces
   979 | D        | Found a burning altar of Makhleb.
   979 | D        | Found a viscous altar of Jiyva.
   979 | D        | Found a shimmering altar of Xom.
   979 | D        | Found a corrupted altar of Lugonu.
  1016 | D        | Received a gift from Trog
  1040 | D        | Reached skill level 19 in Unarmed Combat
  1287 | D        | Noticed a lindwurm
  1291 | D        | Received a gift from Trog
  1296 | D        | Killed a lindwurm
  1366 | D        | Reached skill level 20 in Unarmed Combat
  1367 | D        | Received a gift from Trog
  1393 | D        | Noticed a daeva
  1397 | D        | Noticed an unseen horror
  1397 | D        | Noticed an unseen horror
  1397 | D        | Noticed an unseen horror
  1398 | D        | Noticed an unseen horror
  1401 | D        | Killed an unseen horror
  1405 | D        | Killed an unseen horror
  1406 | D        | Killed an unseen horror
  1409 | D        | Killed an unseen horror
  1409 | D        | Reached XP level 12. HP: 24/118 MP: 8/8
  1459 | D        | Received a gift from Trog
  1464 | D        | Noticed a fire giant
  1471 | D        | Killed a fire giant
  1477 | D        | Noticed a fire giant
  1478 | D        | Noticed a fire giant
  1478 | D        | Noticed a fire giant
  1482 | D        | Killed a fire giant
  1482 | D        | Reached skill level 21 in Unarmed Combat
  1484 | D        | Killed a fire giant
  1484 | D        | Received a gift from Trog
  1491 | D        | Killed a fire giant
  1521 | D        | Noticed Tiamat
  1636 | D        | Noticed a 12-headed hydra
  1638 | D        | Killed a 13-headed hydra
  1653 | D        | Noticed a deep elf annihilator
  1659 | D        | Received a gift from Trog
  1670 | D        | Killed a deep elf annihilator
  1679 | D        | Received a gift from Trog
  1818 | D        | Noticed a mummy priest
  1845 | D        | Noticed a shadow dragon
  1845 | D        | Noticed a golden dragon
  1854 | D        | Slain by a golden dragon

Skill      XL: |  1  2  3  4  5  6  7  8  9 10 11 12 |
---------------+-------------------------------------+-----
Fighting       | 3 4 6 8 9 10 11 12 | 12.3
Dodging        | 3 5 6 8 9 10 11 12 13 | 13.7
Unarmed Combat | 4 6 8 11 12 13 15 17 20 21 | 21.9
Stealth        | 1 2 4 |  4.0

Action                   |  1- 3 |  4- 6 |  7- 9 | 10-12 || total
-------------------------+-------+-------+-------+-------++-------
Melee: Unarmed           |     8 |    22 |    31 |   168 ||   229
       Punch             |       |       |     3 |    22 ||    25
Invok: Trog's Hand       |       |       |       |     4 ||     4
       Berserk           |       |       |       |     1 ||     1
       Brothers in Arms  |       |       |       |     4 ||     4
  Use: Potion            |       |       |       |     3 ||     3
       Scroll            |       |       |       |     3 ||     3
 Stab: Sleeping          |       |       |       |     4 ||     4
  Eat: Bread ration      |       |       |     2 |     2 ||     4
       Meat ration       |       |       |       |     1 ||     1
       Chunk             |       |       |       |     5 ||     5
Armor: Animal skin       |     2 |       |       |       ||     2
       Robe              |       |     5 |     9 |    27 ||    41
Dodge: Dodged            |     3 |    11 |    24 |    73 ||   111
